 Dungeon Crawl Stone Soup version 0.21.0-24-g2553a33 (webtiles) character file.

368 Monsterracer the Cudgeler (level 6, 0/37 HPs)
             Began as a Tengu Warper on Jan 20, 2018.
             Was a Follower of Okawaru.
             Slain by a worker ant (3 damage)
             ... on level 4 of the Dungeon.
             The game lasted 00:06:59 (5268 turns).

Monsterracer the Cudgeler (Tengu Warper)            Turns: 5268, Time: 00:07:00

Health: 0/37       AC:  5    Str: 13    XL:     6   Next: 69%
Magic:  10/10      EV: 12    Int: 14    God:    Okawaru [*.....]
Gold:   170        SH:  0    Dex: 13    Spells: 7/9 levels left

rFire    . . .     SeeInvis .   a - +3 flail
rCold    . . .     Gourm    .   (no shield)
rNeg     . . .     Faith    .   g - +0 ring mail
rPois    .         Spirit   .   (helmet restricted)
rElec    .         Reflect  .   (no cloak)
rCorr    .         Harm     .   (no gloves)
MR       .....                  (boots unavailable)
Stlth    +.........             (no amulet)
HPRegen  0.12/turn              (no ring)
MPRegen  0.12/turn              (no ring)

@: no status effects
A: beak, talons 3, able to fly 1
a: Fly, Heroism, Renounce Religion


You were on level 4 of the Dungeon.
You worshipped Okawaru.
Okawaru was aware of your devotion.
You were not hungry.

You visited 1 branch of the dungeon, and saw 4 of its levels.

You collected 170 gold pieces.

Inventory:

Hand Weapons
 a - a +3 flail (weapon)
 b - a +0 whip of electrocution
Missiles
 e - 5 tomahawks of dispersal (quivered)
Armour
 g - a +0 ring mail (worn)
 v - a +0 shield
Wands
 m - a wand of scattershot (5)
 r - a wand of acid (5)
Scrolls
 d - a scroll of blinking
 i - 3 scrolls of identify
 l - a scroll of immolation {unknown}
 o - a scroll of fog {unknown}
 p - a scroll of remove curse
 q - 2 scrolls of teleportation
Potions
 h - a potion of cancellation {unknown}
 j - a potion of flight {unknown}
 n - a potion of resistance {unknown}
 s - a potion of degeneration {unknown}
 t - 5 potions of curing
 u - a potion of agility {unknown}
 w - a potion of haste {unknown}
Books
 k - a book of Spatial Translocations

   Spells                             Type                      Level
   a - Blink                          Translocation                2
   b - Shroud of Golubria             Charms/Translocation         2
   c - Lesser Beckoning               Translocation                3
   d - Gell's Gravitas                Translocation                3
   e - Teleport Other                 Translocation                3
   f - Passage of Golubria            Translocation                4
Comestibles
 c - 12 rations
 f - 4 chunks of flesh


   Skills:
 + Level 3.5 Fighting
 * Level 5.4 Maces & Flails
 - Level 1.0 Throwing
 - Level 1.1 Armour
 + Level 3.3 Dodging
 * Level 1.0 Shields
 - Level 2.0 Spellcasting
 - Level 2.4 Translocations
 + Level 1.8 Invocations


You had 7 spell levels left.
You knew the following spells:

 Your Spells              Type           Power        Failure   Level  Hunger
e - Blink                 Tloc           N/A          28%         2    ###....


Dungeon Overview and Level Annotations

Branches:
Dungeon (4/15)             Temple (0/1) D:4

Altars:
Okawaru

Annotations:
D:4 stickyfingers's ghost, novice MiBe


Innate Abilities, Weirdness & Mutations

You have a beak for a mouth.
You have claws for feet.
You can fly.


Message History

The orc throws a stone.
The stone closely misses you.
You hit the orc.
The orc is severely wounded.
The orc hits you but does no damage.
The orc throws a stone.
The stone hits you.
You take 2 damage, and have 35/37 hp.
You hit the orc.
You kill the orc!
Okawaru accepts your kill.
The orc throws a stone.
The stone barely misses you.
The orc priest shouts!
The orc throws a stone.
The stone barely misses you.
You see here a stone.
The orc priest mumbles some strange prayers to Beogh against you.
You barely resist. The orc hits you but does no damage.
The orc priest misses you.
You see here 21 stones.
You hit the orc priest. You claw the orc priest.
Your peck misses the orc priest.
The orc priest is heavily wounded.
The orc hits you with a trident.
The orc priest hits you but does no damage.
You take 6 damage, and have 30/37 hp.
You closely miss the orc priest. You claw the orc priest.
Your peck misses the orc priest.
The orc priest is heavily wounded.
The orc priest mumbles some strange prayers to Beogh against you.
You barely resist. The orc misses you.
You closely miss the orc priest.
The orc priest is heavily wounded.
The orc hits you with a trident.
The orc priest hits you but does no damage.
You take 1 damage, and have 29/37 hp.
You hit the orc priest. Your kick misses the orc priest.
The orc priest is heavily wounded.
The orc hits you with a whip.
You take 2 damage, and have 27/37 hp.
You completely miss the orc priest. You claw the orc priest.
Your peck misses the orc priest.
The orc priest is severely wounded.
The orc hits you with a trident. The orc priest barely misses you.
The orc hits you but does no damage. The orc priest barely misses you.
You take 1 damage, and have 26/37 hp.
You barely miss the orc priest.
The orc priest is severely wounded.
The orc priest barely misses you. The orc completely misses you.
The orc barely misses you.
You hit the orc priest. You claw the orc priest.
You kill the orc priest!
Okawaru accepts your kill.
The orc priest hits you but does no damage.
The orc closely misses you. The orc misses you.
You closely miss the orc priest. Your peck misses the orc priest.
The orc priest closely misses you. The orc closely misses you.
You barely miss the orc priest. Your kick misses the orc priest.
The orc hits you with a trident!
* * * LOW HITPOINT WARNING * * *
You take 9 damage, and have 18/37 hp.
MASSIVE DAMAGE!!
You hit the orc priest.
Lightning courses through the orc priest!
You kill the orc priest!
Okawaru accepts your kill.
Your Shields skill increases to level 1!
The orc hits you with a whip.
* * * LOW HITPOINT WARNING * * *
The orc barely misses you.
You take 5 damage, and have 13/37 hp.
Your +0 whip of electrocution stops crackling.
a - a +3 flail (weapon)
The orc hits you with a whip.
* * * LOW HITPOINT WARNING * * *
The orc barely misses you.
You take 2 damage, and have 11/37 hp.
You barely miss the orc. The orc hits you with a whip.
* * * LOW HITPOINT WARNING * * *
The orc hits you with a trident.
* * * LOW HITPOINT WARNING * * *
You take 3 damage, and have 8/37 hp.
You closely miss the orc. The orc closely misses you.
The orc hits you with a trident.
* * * LOW HITPOINT WARNING * * *
You take 6 damage, and have 2/37 hp.
You see here a mace.
The orc throws a stone.
The stone barely misses you.
You see here a stone.
The orc throws a stone.
The stone barely misses you.
You see here a stone.
The orc throws a stone.
The stone barely misses you.
You see here a stone.
Stickyfingers's ghost turns its malevolent gaze towards you.
A worker ant comes into view.
The worker ant twitches its antennae in your direction.
Stickyfingers's ghost screams in joy, "As in life, so in death: Kill!
Kill!!
Kill!!!"
The worker ant waves its antennae.
The worker ant bites you.
* * * LOW HITPOINT WARNING * * *
The worker ant barely misses you.
You take 2 damage, and have 3/37 hp.
The worker ant bites you.
You die...

##.#######...(.# #. #.#
#..)(.#######.
#.#########.##......#.
#.#.(((.o.#(##.####.#.
###.#.#####)#.##.####.#.
#......##..[(......##.#. #
#.#.#..#....[.##.#.##.#. #
#.#.#.......####.#...... #
#.#....@.....# #......#.
##########.###..a....###########.
#........#.####W#......## #†
..######.#......##.##...# #. ..#
#.############...# #. ..# #.#
#...# ##### ..# #.# #...# #....
.## #.###### #...# #.##>
.#######......# #...# #.##.


You could see a worker ant and stickyfingers's ghost.

Vanquished Creatures
  3 orc priests
  An orc wizard (D:4)
  A worker ant (D:4)
  4 gnolls (D:3)
  5 adders
  An adder zombie (D:1)
  4 worms
  6 dart slugs
  3 leopard geckos
  22 orcs
  A ball python (D:2)
  11 bats
  4 giant cockroaches
  10 goblins
  9 hobgoblins
  6 frilled lizards
  A jackal skeleton (D:4)
  6 kobolds
  A leopard gecko zombie (D:1)
  A quokka skeleton (D:4)
  4 rats
104 creatures vanquished.

Notes
Turn   | Place    | Note
-------+----------+-------------------------------------------
     0 | D:1      | Monsterracer the Tengu Warper began the quest for the Orb.
     0 | D:1      | Reached XP level 1. HP: 12/12 MP: 4/4
   216 | D:1      | Reached XP level 2. HP: 17/17 MP: 6/6
   240 | D:1      | Reached skill level 3 in Maces & Flails
   617 | D:1      | Reached XP level 3. HP: 22/22 MP: 7/7
   651 | D:1      | Found an iron altar of Okawaru.
   658 | D:1      | Became a worshipper of Warmaster Okawaru
  1149 | D:1      | Learned a level 2 spell: Blink
  1241 | D:2      | Reached skill level 4 in Maces & Flails
  1241 | D:2      | Reached XP level 4. HP: 27/27 MP: 8/8
  2000 | D:3      | HP: 14/28 [orc (1)]
  2003 | D:3      | Gained mutation: You can fly. [Tengu growth]
  2003 | D:3      | Reached XP level 5. HP: 17/32 MP: 9/9
  2281 | D:3      | Reached skill level 1 in Invocations
  2572 | D:4      | HP: 16/32 [adder (4)]
  2579 | D:4      | HP: 12/32 [adder (4)]
  2599 | D:4      | HP: 12/32 [adder (2)]
  2602 | D:4      | HP: 5/32 [orc priest/divine providence (7)]
  2610 | D:3      | HP: 3/32 [poisoned by an adder]
  3006 | D:4      | Found a staircase to the Ecumenical Temple.
  3023 | D:4      | HP: 11/32 [gnoll/spear (6)]
  3063 | D:4      | HP: 5/32 [gnoll/spear (10)]
  3474 | D:3      | Reached skill level 5 in Maces & Flails
  3478 | D:3      | Reached XP level 6. HP: 21/37 MP: 10/10
  3531 | D:4      | HP: 13/37 [orc/trident (6)]
  4456 | D:4      | Noticed stickyfingers's ghost (novice MiBe)
  4753 | D:4      | HP: 12/37 [stickyfingers's ghost (10)]
  5188 | D:4      | Reached * piety under Okawaru
  5242 | D:4      | HP: 18/37 [orc/trident (9)]
  5243 | D:4      | Reached skill level 1 in Shields
  5245 | D:4      | HP: 8/37 [orc/trident (1)]
  5246 | D:4      | HP: 2/37 [orc/trident (6)]
  5267 | D:4      | HP: 3/37 [worker ant (2)]
  5268 | D:4      | Slain by a worker ant

Skill      XL: |  1  2  3  4  5  6 |
---------------+-------------------+-----
Maces & Flails | 3 4 5 |  5.4
Fighting       | 3 |  3.5
Invocations    | 1 |  1.8
Dodging        | 3 |  3.3
Shields        | 1 |  1.0
Throwing       | |  1.0
Armour         | |  1.1
Spellcasting   | |  2.0
Translocations | |  2.4

Action                   |  1- 3 |  4- 6 || total
-------------------------+-------+-------++-------
Melee: Mace              |    21 |       ||    21
       Kick              |    15 |    45 ||    60
       Peck              |    11 |    24 ||    35
       Whip              |    55 |   128 ||   183
       Flail             |       |    68 ||    68
  Use: Scroll            |       |     4 ||     4
  Eat: Chunk             |     1 |    10 ||    11
       Ration            |       |     1 ||     1
Armor: Leather armour    |     5 |       ||     5
       Ring mail         |    26 |    57 ||    83
Dodge: Dodged            |    45 |   146 ||   191

Vault maps used:
D:1:      saegor_arrival_fortress, okawaru_ov_weapons_minmay
D:2:      st_stairs_12
D:4:      temple_fountains, nrook_uturn
